 Dungeon Crawl Stone Soup version 0.27.0-1-g7a089689b8 (webtiles) character file.

Game seed: 7640955632363488093

1950212 EnegeticOcto the Conqueror (level 27, 179/179 HPs)
             Began as a Gargoyle Fighter on Aug 2, 2021.
             Was a High Priest of the Shining One.
             Escaped with the Orb
             ... and 3 runes!
             The game lasted 01:29:55 (51972 turns).

EnegeticOcto the Conqueror (Gargoyle Fighter)      Turns: 51972, Time: 01:29:55

Health: 179/179    AC: 61    Str: 33      XL:     27
Magic:  36/36      EV: 12    Int: 13 (14) God:    the Shining One [*****.]
Gold:   1892       SH: 16    Dex: 14      Spells: 26/26 levels left

rFire    + + +     SeeInvis .   a - +6 sacred scourge (holy)
rCold    + . .     Faith    .   A - +1 kite shield {rF+}
rNeg     + + +     Spirit   .   M - +10 plate armour of Submission {Regen+ Dex+2 Stlth-}
rPois    ∞         Reflect  .   (helmet restricted)
rElec    +         Harm     .   J - +2 cloak {rPois}
rCorr    +         Rampage  .   Q - +1 pair of gloves "Teusott" {Str+2 Dex+3}
Will     +++++     Clarity  +   K - +2 pair of boots {Stlth+}
Stlth    ..........             S - amulet of the Four Winds {rN+ Will+++ Clar}
HPRegen  1.39/turn              f - ring of resist corrosion
MPRegen  0.25/turn              X - ring "Ucinlado" {Wiz rElec rF+ rC+ Int+3}

@: flying, glowing
A: sickness immunity, AC +20, big wings, negative energy resistance 1,
electricity resistance, torment resistance 1, petrification resistance, horns 1,
talons 1, thin skeletal structure 1, berserk 1, clumsy 1, deterioration 2, fire
resistance 1, frail 1, low mp 1
0: Orb of Zot
}: 3/15 runes: iron, bone, abyssal
a: Renounce Religion, Divine Shield, Cleansing Flame, Summon Divine Warrior


You escaped.
You worshipped the Shining One.
The Shining One was extremely pleased with you.
You visited 7 branches of the dungeon, and saw 41 of its levels.
You visited the Abyss 2 times.
You also visited: Bailey, Gauntlet and Ice Cave.

You collected 4746 gold pieces.
You spent 2854 gold pieces at shops.

Inventory:

Hand Weapons
 a - a +6 sacred scourge of holy wrath (weapon) (the Shining One gifted it to you in the Vestibule of Hell)
 b - a +4 long sword of distortion
   (You took it off a hell knight on level 3 of the Depths)
 O - a +6 morningstar of venom
   (You found it in an ice cave)
Missiles
 G - a throwing net (quivered) {!f}
Armour
 v - a +0 cloak
   (You found it on level 11 of the Dungeon)
 x - a +1 cloak
   (You took it off a draconian scorcher on level 2 of the Realm of Zot)
 A - a +1 kite shield of fire resistance (worn)
   (You took it off a tengu warrior on level 3 of the Depths)
 E - a scarf of repulsion
   (You found it on level 12 of the Dungeon)
 J - a +2 cloak of poison resistance (worn)
   (You took it off a draconian stormcaller on level 5 of the Realm of Zot)
 K - a +2 pair of boots of stealth (worn)
   (You found it in a Gauntlet)
 M - the +10 plate armour of Submission (worn) {Regen+ Dex+2 Stlth-}
   (You found it in a Gauntlet)

   Dex:       It affects your dexterity (+2).
   Regen:     It increases your rate of health regeneration.
   Stlth:     It makes you less stealthy.
 N - a +1 kite shield of protection
   (You took it off a tengu warrior on level 1 of the Depths)
 Q - the +1 pair of gloves "Teusott" (worn) {Str+2 Dex+3}
   (You acquired it on level 2 of the Depths)

   Str:       It affects your strength (+2).
   Dex:       It affects your dexterity (+3).
Jewellery
 c - the ring of Morchaloi {Fire +Blink Str+2}
   (You took it off a frost giant on level 3 of the Depths)

   [ring of fire]

   It enhances your fire magic.
   Str:       It affects your strength (+2).
   rF:        It protects you from fire.
   rC:        It makes you vulnerable to cold.
   +Blink:    It lets you blink.
 f - a ring of resist corrosion (left hand)
   (You found it in an ice cave)
 m - a ring of wizardry
   (You found it on level 2 of the Realm of Zot)
 w - a +4 ring of protection
   (You found it on level 5 of the Dungeon)
 C - an amulet of regeneration
   (You bought it in a shop on level 1 of the Dungeon)
 S - the amulet of the Four Winds (around neck) {rN+ Will+++ Clar}
   (You bought it in a shop on level 1 of the Dungeon)

   [amulet of nothing]

   rN:        It protects you from negative energy.
   Clar:      It protects you against confusion.
   Will:      It greatly increases your willpower.
 X - the ring "Ucinlado" (right hand) {Wiz rElec rF+ rC+ Int+3}
   (You bought it in a shop on level 2 of the Depths)

   [ring of wizardry]

   It improves your spell success rate.
   Int:       It affects your intelligence (+3).
   rF:        It protects you from fire.
   rC:        It protects you from cold.
   rElec:     It insulates you from electricity.
Wands
 k - a wand of iceblast (20) {@v2}
   (You found it on level 2 of the Dungeon)
 t - a wand of flame (35) {@v4}
   (You found it on level 5 of the Dungeon)
 D - a wand of polymorph (38)
   (You found it on level 11 of the Dungeon)
 L - a wand of paralysis (19)
   (You found it in a Gauntlet)
 P - a wand of charming (5)
   (You found it on level 12 of the Dungeon)
 W - a wand of acid (7) {@v1}
   (You found it on level 1 of the Depths)
 Z - a wand of digging (4) {@v3}
   (You bought it in a shop on level 3 of the Depths)
Scrolls
 e - 5 scrolls of identify {@r1}
 i - 5 scrolls of teleportation {@r3 !r}
 r - 5 scrolls of fear {!r}
 u - 3 scrolls of immolation
 B - 5 scrolls of fog {!r}
 T - a scroll of summoning
 U - 3 scrolls of blinking {@r4}
 V - a scroll of silence
 Y - 2 scrolls of magic mapping {@r5 !r}
Potions
 g - 5 potions of brilliance
 h - a potion of invisibility
 j - 2 potions of magic
 l - 3 potions of cancellation
 n - 12 potions of curing {@q1 !q}
 o - 2 potions of mutation
 p - 7 potions of haste {@q4 !q}
 q - a potion of resistance
 s - 2 potions of heal wounds {@q2 !q}
 y - a potion of berserk rage
 F - 4 potions of lignification {@q6}
 H - 2 potions of ambrosia
Miscellaneous
 z - a tin of tremorstones (2/2)
   (You found it in a bailey)
 I - a phantom mirror
   (You found it on level 7 of the Iron City of Dis)


   Skills:
 O Level 27 Fighting
 - Level 16.0 Maces & Flails
 + Level 21.5 Armour
 - Level 8.0 Dodging
 - Level 15.0 Shields
 + Level 26.0 Invocations
 - Level 8.0 Evocations


You had 26 spell levels left.
You didn't know any spells.
Your spell library contained the following spells:

 Spells                   Type           Power      Damage    Failure   Level
 Beastly Appendage        Tmut           0%         N/A       38%         1
 Corona                   Hex            0%         N/A       38%         1
 Magic Dart               Conj           0%         1d3       38%         1
 Shock                    Conj/Air       0%         1d3       38%         1
 Blink                    Tloc           N/A        N/A       50%         2
 Call Imp                 Summ           0%         N/A       50%         2
 Ensorcelled Hibernation  Hex/Ice        0%         N/A       50%         2
 Poisonous Vapours        Pois/Air       0%         N/A       50%         2
 Wereblood                Tmut           0%         N/A       50%         2
 Lesser Beckoning         Tloc           0%         N/A       73%         3
 Mephitic Cloud           Conj/Pois/Air  0%         N/A       73%         3
 Ozocubu's Armour         Ice            0%         N/A       73%         3
 Spider Form              Tmut/Pois      0%         N/A       73%         3
 Summon Guardian Golem    Hex/Summ       0%         N/A       73%         3
 Swiftness                Air            0%         N/A       73%         3
 Tukima's Dance           Hex            0%         N/A       73%         3
 Airstrike                Air            0%         N/A       98%         4
 Leda's Liquefaction      Hex/Erth       0%         N/A       98%         4
 Summon Ice Beast         Ice/Summ       0%         N/A       98%         4
 Bolt of Magma            Conj/Fire/Erth 0%         4d4       100%        5
 Manifold Assault         Tloc           0%         N/A       100%        5
 Metabolic Englaciation   Hex/Ice        0%         N/A       100%        5
 Summon Forest            Summ/Tloc      0%         N/A       100%        5
 Summon Mana Viper        Hex/Summ       0%         N/A       100%        5
 Conjure Ball Lightning   Conj/Air       0%         3x3d6     100%        6
 Shadow Creatures         Summ           N/A        N/A       100%        6
 Simulacrum               Ice/Necr       0%         N/A       100%        6
 Monstrous Menagerie      Summ           0%         N/A       100%        7
 Orb of Destruction       Conj           0%         N/A       100%        7
 Ozocubu's Refrigeration  Ice            0%         4d5       100%        7
 Spellforged Servitor     Conj/Summ      0%         N/A       100%        7
 Storm Form               Tmut/Air       0%         N/A       100%        7
 Maxwell's Capacitive Co  Air            0%         ∞         100%        8
 Statue Form              Tmut/Erth      Unusable   N/A       N/A         6

Dungeon Overview and Level Annotations

Branches:
Dungeon (15/15)            Temple (1/1) D:7            Lair (0/6) D:10
    Orc (0/2) D:11         Vaults (0/5) D:14         Depths (5/5) D:15
   Hell (visited)             Dis (7/7) Hell            Tar (7/7) Hell
    Zot (5/5) Depths:5     Bailey (visited)           IceCv (visited)
Gauntlet (visited)
    Geh: Hell:1         Coc: Hell:1

Altars:
Ashenzari
Cheibriados
Dithmenos
Elyvilon
Fedhas
Gozag
Hepliaklqana
Kikubaaqudgha
Makhleb
Nemelex Xobeh
Okawaru
Qazlal
Ru
Sif Muna
Uskayaw
Vehumet
Wu Jian
Xom
Yredelemnul
Zin
The Shining One

Shops:
D:1 =   Depths:2 =   Depths:3 *(

Portals:
Hell: Depths:1 Depths:2 Depths:3 Depths:4
Abyss: Depths:4
Pandemonium: Depths:2 Depths:3 Depths:5
Ziggurat: Depths:1

Annotations:
D:9 1 runed translucent door, mora's ghost, journeyman DDFi
Zot:1 exclusion: door


Innate Abilities, Weirdness & Mutations

You are immune to sickness and miasma.
Your stone body is resilient. (AC +20)
You are immune to poison.
Your large and strong wings let you fly.
You resist negative energy. (rN+)
You are resistant to electric shocks. (rElec)
You are resistant to unholy torment.
You are immune to petrification.
You have a pair of small horns on your head.
You have sharp toenails.
You have a somewhat thin skeletal structure. (Dex +2, Stealth+)
You tend to lose your temper in combat.
You are clumsy. (Dex -2)
Your body often deteriorates upon taking damage.
Your flesh is heat resistant. (rF+)
You are frail. (-10% HP)
Your magical capacity is low. (-10% MP)


Message History

There is an open door here.
There is a stone staircase leading up here.
You fly upwards.
There is a stone staircase leading down here.
Things that are here:
a +0 robe; a +1 vampiric demon trident
There is a staircase back to the Dungeon here.
You fly upwards.
Welcome back to the Dungeon!
There is a staircase to the Depths here.
A green death comes into view.
Unknown command.
You thrash the green death!!
The green death convulses!!
You headbutt the green death!
The green death is severely wounded.
You whack the green death!
The green death convulses!
You kill the green death!
The Shining One accepts your kill.
No target in view!
No target in view!
No target in view!
No target in view!
No target in view!
(D) Dungeon (T) Temple (L) Lair (O) Orcish Mines (V) Vaults (U) Depths (H) Hell (I) Dis (Y) Tartarus (Z) Zot
Where to? (Enter - D:1 @ (x,y), ? - help)
You see here +0 fire dragon scales.
There is a stone staircase leading up here.
You fly upwards.
There is a stone staircase leading down here.
There is a stone staircase leading up here.
You fly upwards.
There is a stone staircase leading down here.
There is an escape hatch in the ceiling here.
You see here the amulet "Zewi" {Reflect rC- Will+ Str+2 Dex+2 SH+5}.
There is a stone staircase leading up here.
You fly upwards.
There is a stone staircase leading down here.
There is a stone staircase leading up here.
You fly upwards.
There is a stone staircase leading down here.
There is a stone staircase leading up here.
You fly upwards.
There is a stone staircase leading down here.
Items here: ))) [.
There is a stone staircase leading down here.
There is a stone staircase leading up here.
You fly upwards.
Level annotation: 1 runed translucent door, mora's ghost, journeyman DDFi
There is a stone staircase leading down here.
There is a stone staircase leading up here.
You fly upwards.
There is a stone staircase leading down here.
Things that are here:
a +0 robe; a +3 long sword; a +0 short sword
Things that are here:
3 stones; a +0 whip
There is a stone staircase leading up here.
Things that are here:
a +0 robe; a +0 hand axe You fly upwards.
There is a stone staircase leading down here.
Things that are here:
a +0 robe; a +0 dagger
There is a stone staircase leading up here.
You fly upwards.
There is a stone staircase leading down here.
Things that are here:
a +0 club; a +0 chain mail; a +0 war axe You see here a +0 whip.
There is a stone staircase leading up, spattered with blood here.
Things that are here:
15 arrows; a +0 shortbow You fly upwards.
There is a stone staircase leading down here.
You see here a +0 buckler of reflection.
There is a stone staircase leading up here.
You fly upwards.
There is a stone staircase leading down here.
There is a stone staircase leading up here.
You fly upwards.
There is a stone staircase leading down here.
A ynoxinul comes into view.
Unknown command.
Unknown command.
Unknown command.
There is a stone staircase leading up here.
The ynoxinul gestures.
You fly upwards.
There is a stone staircase leading down here.
(D) Dungeon (T) Temple (L) Lair (O) Orcish Mines (V) Vaults (U) Depths (H) Hell (I) Dis (Y) Tartarus (Z) Zot
Where to? (Enter - D:1 @ (x,y), ? - help)
There is a stone staircase leading up here.
You fly upwards.
There is a stone staircase leading down here.
There is a staircase leading out of the dungeon here.
Unknown command.
You have escaped!

........#.#...........#.#.#.....#
....######.....#.#..)..#####....#
....# #......#.#......#.#.#...#
....### #......#.#......##.......
......###....#.#.#.#....#........
#...#.#.#...##.#.#.##.).###......
[♣....#.#....)⌠#.#⌠.....# ###...#
........#..#####.#####..### #...#
.♣....#.........@.........# ##.##
........#..#####.#####..#.####.#
.♣......#.....⌠#.#⌠.....#......##
.####.#.#...##.#.#.##...###.####.
.♣ #.#.#....#.#.#.#....# #.# #.
.####.#>#......#.#...(..# #.# #.
.♣..†.#.#......#.#......# #.# #.
##########.....#.#.....## #.# #.
#.#...........#.# #.# #.


There were no monsters in sight!

Vanquished Creatures
  3 dread liches
  3 ancient liches
  2 orbs of fire
  Mara (Depths:1)
  A juggernaut (Depths:3)
  2 Killer Klowns
  2 curse toes
  Geryon (Hell)
  9 golden dragons
  A bone dragon (Tar:1)
  6 doom hounds
  An iron giant (Dis:1)
  8 Brimstone Fiends
  An electric golem (Zot:5)
  7 Tzitzimimeh
  8 tentacled monstrosities
  2 Hell Sentinels (Dis:7)
  4 Ice Fiends
  18 Orb Guardians (Zot:5)
  2 quicksilver dragons
  4 liches
  7 death cobs
  9 Executioners
  5 ancient champions
  2 sphinxes
  9 shadow dragons
  2 tentacled starspawn
  11 storm dragons
  Agnes (D:14)
  A daeva (Zot:3)
  6 draconian monks
  10 fire giants
  3 draconian scorchers (Zot:2)
  3 draconian knights
  5 iron dragons
  An orc warlord (Bailey)
  4 cacodemons
  8 frost giants
  9 balrugs
  3 ghost moths
  6 draconian shifters
  5 draconian annihilators
  A spriggan defender (Depths:3)
  60 reapers
  2 war gargoyles
  25 very ugly things
  12 stone giants
  2 draconian stormcallers (Zot:5)
  3 vampire knights
  3 green draconians
  4 black draconians
  4 lorocyprocas
  A minotaur (Gauntlet)
  5 white draconians
  9 red draconians
  8 purple draconians
  9 yellow draconians
  5 blizzard demons
  7 ettins
  2 deep elf death magi
  2 crystal guardians (Abyss:4)
  6 green deaths
  3 great orbs of eyes (shapeshifter) (Abyss:4)
  4 quicksilver dragon zombies
  A yaktaur captain (Depths:5)
  6 great orbs of eyes
  8 fire dragons
  A quicksilver dragon skeleton (Tar:7)
  3 boulder beetles
  3 hydras
  9 ice dragons
  3 rakshasas
  8 vault guards (D:14)
  6 hell beasts (Dis:1)
  2 centaur warriors
  5 spriggan air magi
  2 ironbound frosthearts (IceCv)
  Erica (D:7)
  2 two-headed ogres
  An alligator (shapeshifter) (Depths:3)
  A vampire mage (Depths:1)
  15 hell hogs
  14 deep troll shamans
  12 deep troll earth magi
  6 titan zombies (Dis:1)
  5 death yaks
  5 spriggan berserkers
  2 dancing weapons (Dis:7)
  A shock serpent (Depths:1)
  20 thrashing horrors (Abyss:4)
  5 tengu warriors
  16 sun demons
  4 iron golems (Dis:1)
  6 soul eaters
  2 storm dragon zombies
  20 hell knights
  4 wretched stars (Abyss:4)
  10 iron trolls
  A spark wasp zombie (Depths:3)
  4 golden dragon zombies
  3 sixfirhies
  2 titan skeletons (Tar:7)
  A torturous demonspawn (Depths:3)
  107 skeletal warriors
  5 flayed ghosts
  2 anaconda zombies
  3 glowing orange brains
  12 shadow demons
  23 deep trolls
  A harpy (shapeshifter) (D:14)
  3 shadow dragon zombies
  2 orc knights
  A deep elf pyromancer (D:8)
  4 phantasmal warriors
  2 wizards
  4 wolf spider zombies
  6 iron dragon zombies
  12 necromancers
  5 stone giant zombies
  A deep elf zephyrmancer (Depths:1)
  8 fire giant zombies
  2 manticores
  30 ugly things
  4 frost giant zombies (Dis:1)
  A mana viper (Abyss:4)
  2 shadow dragon skeletons
  13 large abominations
  4 cyclopes
  15 moths of wrath
  4 stone giant skeletons
  An elephant (shapeshifter) (D:13)
  2 molten gargoyles (Hell)
  2 guardian serpents (shapeshifter) (Abyss:4)
  A fire giant skeleton (Tar:1)
  6 dire elephant zombies
  An ice statue (IceCv)
  A torpor snail (Gauntlet)
  2 frost giant skeletons
  A shock serpent skeleton (Hell)
  3 apocalypse crabs (Abyss:4)
  51 rust devils
  9 smoke demons
  An orange demon (Depths:2)
  5 gargoyles
  A catoblepas zombie (Dis:1)
  2 rime drakes (IceCv)
  25 hellions
  12 unseen horrors
  25 ice devils
  3 efreet
  5 freezing wraiths
  6 trolls
  32 red devils
  36 tormentors
  2 tengu conjurers
  An elf skeleton (Depths:3)
  A merfolk (shapeshifter) (Depths:2)
  A catoblepas skeleton (Tar:1)
  4 ancient zymes (Abyss:4)
  6 hydra zombies
  2 silent spectres
  10 polar bears (IceCv)
  Grinder (D:3)
  A hydra skeleton (Hell)
  6 ettin zombies
  3 ice dragon zombies
  3 slime creatures (D:15)
  An alligator zombie (Tar:4)
  A fire dragon zombie (Hell)
  A meliai zombie (D:11)
  8 small abominations
  An air elemental (Abyss:4)
  45 flying skulls (Dis:1)
  34 yaks
  2 black mamba zombies
  2 redbacks (shapeshifter) (Depths:5)
  A vampire (Abyss:4)
  3 wyverns
  A fire dragon skeleton (Tar:5)
  2 alligator skeletons
  2 ettin skeletons
  8 water elementals
  38 shadows
  3 ynoxinuls
  A yak (shapeshifter) (D:15)
  10 wraiths
  2 steam dragons
  A fire bat (Depths:2)
  A basilisk (D:13)
  5 neqoxecs
  A sea snake simulacrum (Hell)
  A cane toad zombie (Tar:7)
  A human zombie (Depths:3)
  4 water moccasins
  77 hell hounds
  2 floating eyes (Depths:3)
  7 orc warriors
  3 snapping turtle zombies
  An alligator simulacrum (Hell)
  2 black bears
  7 starcursed masses (Abyss:4)
  An ice beast (D:5)
  4 sky beasts (Depths:1)
  17 necrophages
  2 manticore zombies
  3 ogres
  A spriggan simulacrum (Depths:3)
  28 wolves
  A swamp dragon zombie (Dis:1)
  4 centaurs
  A swamp dragon skeleton (Dis:1)
  3 kobold brigands
  2 phantoms
  2 elf zombies
  4 bullfrogs
  3 scorpions
  A wyvern skeleton (D:7)
  2 water moccasin skeletons
  5 killer bees (D:8)
  2 spriggan zombies
  81 wights
  3 howler monkeys
  A bullfrog zombie (D:5)
  4 centaur zombies
  A jelly (D:6)
  9 orc priests
  A bullfrog skeleton (D:5)
  4 hounds
  3 iguanas
  59 iron imps
  Jessica (D:3)
  Terence (D:3)
  14 orc wizards
  4 lightning spires (Depths:1)
  A killer bee zombie (D:4)
  3 ogre zombies
  A centaur simulacrum (Hell)
  A naga zombie (Dis:1)
  16 mummies
  Robin (D:2)
  A howler monkey skeleton (D:6)
  5 gnolls
  A gnoll zombie (D:4)
  3 orc zombies
  3 adders
  6 shadow imps
  14 white imps
  An ufetubus (Abyss:4)
  An adder skeleton (D:4)
  2 worms (D:2)
  3 dart slugs
  39 orcs
  7 ball pythons
  5 bats
  5 endoplasms
  3 giant cockroaches (D:3)
  23 goblins
  7 hobgoblins
  13 jackals
  4 quokkas
  3 frilled lizards
  34 kobolds
  9 rats
  2 lurking horrors (Abyss:4)
1911 creatures vanquished.

Vanquished Creatures (collateral kills)
  Ereshkigal (Tar:7)
  the Serpent of Hell (Tar:7)
  A dread lich (Tar:7)
  Dispater (Dis:7)
  A pandemonium lord (Depths:5)
  A doom hound (Tar:7)
  2 bone dragons (Tar:7)
  5 Tzitzimimeh (Tar:7)
  4 iron giants (Dis:7)
  3 Hell Sentinels (Dis:7)
  4 Orb Guardians (Zot:5)
  A lich (Tar:7)
  5 quicksilver dragons
  4 ancient champions (Dis:7)
  2 death cobs (Zot:1)
  An Executioner (Dis:7)
  A draconian monk (Zot:1)
  An iron dragon (Dis:7)
  A draconian stormcaller (Zot:5)
  5 war gargoyles (Dis:7)
  7 reapers
  A purple draconian (Zot:3)
  A white draconian (Zot:3)
  A quicksilver dragon zombie (Tar:7)
  A ghost crab (Tar:7)
  A dancing weapon (Dis:7)
  A soul eater (Tar:7)
  5 hell knights (Dis:7)
  A storm dragon skeleton (Tar:7)
  2 skeletal warriors
  An anaconda zombie (Tar:7)
  2 phantasmal warriors (Tar:7)
  2 necromancers (Dis:7)
  An iron dragon zombie (Dis:1)
  A frost giant zombie (Tar:7)
  2 moths of wrath (Zot:5)
  A dire elephant zombie (Tar:7)
  2 hellions (Dis:7)
  An ice devil (Dis:7)
  2 harpy skeletons (Tar:7)
  2 ynoxinuls (Depths:5)
  5 shadows (Tar:7)
  3 necrophages (Tar:7)
  2 wights (Tar:7)
  A centaur skeleton (Tar:7)
  4 iron imps
  2 shadow imps (Tar:7)
100 creatures vanquished.

Vanquished Creatures (others)
  3 draconian knights (Zot:1)
  A green draconian (Zot:1)
  A purple draconian (Zot:1)
  A hell knight (Hell)
  A necromancer (Hell)
  3 wights
  An iron imp (Dis:1)
  A goblin (D:11)
  3 ball lightnings (Depths:1)
  A fungus (D:9)
  A lurking horror (Abyss:4)
  3 plants
  4 starspawn tentacles
24 creatures vanquished.

Grand Total: 2035 creatures vanquished

Notes
Turn   | Place    | Note
-------+----------+-------------------------------------------
     0 | D:1      | EnegeticOcto the Gargoyle Fighter began the quest for the
                  | Orb.
     0 | D:1      | Reached XP level 1. HP: 14/14 MP: 1/1
   369 | D:1      | Reached XP level 2. HP: 19/19 MP: 2/2
   768 | D:1      | Found Tufaklor's Jewellery Shoppe.
   925 | D:2      | Reached XP level 3. HP: 14/24 MP: 3/3
  1103 | D:2      | Reached skill level 3 in Maces & Flails
  1229 | D:2      | Noticed Robin
  1739 | D:2      | Reached XP level 4. HP: 23/29 MP: 4/4
  1886 | D:2      | HP: 1/29 [Robin (3)]
  2203 | D:2      | Killed Robin
  2301 | D:2      | Reached skill level 4 in Fighting
  2445 | D:3      | Reached skill level 4 in Shields
  2678 | D:3      | Noticed Terence
  2694 | D:3      | Killed Terence
  2695 | D:3      | Reached XP level 5. HP: 28/33 MP: 5/5
  3003 | D:3      | Noticed Jessica
  3017 | D:3      | Reached skill level 4 in Maces & Flails
  3026 | D:3      | Killed Jessica
  3427 | D:3      | Noticed Grinder
  3437 | D:3      | Paralysed by Grinder for 3 turns
  3441 | D:3      | Killed Grinder
  3442 | D:3      | Reached skill level 5 in Maces & Flails
  3442 | D:3      | Reached XP level 6. HP: 10/40 MP: 6/6
  3789 | D:3      | Reached skill level 5 in Fighting
  4090 | D:3      | Reached skill level 5 in Shields
  4090 | D:3      | Reached XP level 7. HP: 39/44 MP: 7/7
  4146 | D:4      | Found a transporter.
  4181 | D:4      | Found a sparkling altar of Nemelex Xobeh.
  4460 | D:4      | Reached skill level 6 in Maces & Flails
  4755 | D:4      | Found a transporter.
  5097 | D:5      | Entered Level 5 of the Dungeon
  5111 | D:5      | Reached XP level 8. HP: 42/51 MP: 8/8
  5240 | D:5      | Reached skill level 6 in Fighting
  5240 | D:5      | Reached skill level 6 in Shields
  5313 | D:5      | Reached skill level 7 in Maces & Flails
  5953 | D:6      | Reached skill level 8 in Maces & Flails
  6000 | D:6      | Reached XP level 9. HP: 33/56 MP: 9/9
  6215 | D:6      | Reached skill level 7 in Fighting
  6239 | D:6      | Reached skill level 7 in Shields
  6252 | D:6      | Found a stormy altar of Qazlal.
  6683 | D:6      | Found a snail-covered altar of Cheibriados.
  6686 | D:6      | Found a shadowy altar of Dithmenos.
  6686 | D:6      | Found a glowing silver altar of Zin.
  6735 | D:6      | Found a hide-covered altar of Uskayaw.
  6735 | D:6      | Found a shimmering blue altar of Sif Muna.
  6735 | D:6      | Found a shimmering altar of Xom.
  6783 | D:6      | Reached skill level 9 in Maces & Flails
  7484 | D:7      | Found a hide-covered altar of Uskayaw.
  7513 | D:7      | Reached skill level 8 in Fighting
  7585 | D:7      | Reached skill level 8 in Shields
  7810 | D:7      | Reached skill level 4 in Armour
  7810 | D:7      | Reached XP level 10. HP: 64/64 MP: 10/10
  8077 | D:7      | Found a staircase to the Ecumenical Temple.
  8088 | Temple   | Entered the Ecumenical Temple
  8244 | Temple   | Became a worshipper of the Shining One
  8306 | D:8      | Found an ancient bone altar of Kikubaaqudgha.
  8307 | D:8      | You fall into a shaft and drop 3 floors!
  8354 | D:11     | Reached skill level 10 in Maces & Flails
  8364 | D:11     | Found a flagged portal.
  8364 | D:11     | Noticed a gargoyle
  8380 | D:11     | Killed a gargoyle
  8397 | Bailey   | Entered a bailey
  8419 | Bailey   | Noticed an orc warlord
  8564 | Bailey   | Noticed an orc knight
  8703 | Bailey   | Killed an orc knight
  8890 | Bailey   | Found a runed translucent gate.
  8893 | Bailey   | Found a runed translucent gate.
  8895 | Bailey   | Found a runed translucent gate.
  9108 | Bailey   | Learned a level 3 spell: Mephitic Cloud
  9273 | Bailey   | Killed an orc warlord
  9274 | Bailey   | Reached skill level 9 in Fighting
  9274 | Bailey   | Reached skill level 5 in Armour
  9334 | Bailey   | Reached skill level 13 in Fighting
  9334 | Bailey   | Reached XP level 11. HP: 78/78 MP: 11/11
  9335 | Bailey   | Reached skill level 9 in Invocations
  9335 | Bailey   | Reached XP level 12. HP: 84/84 MP: 11/18
  9503 | D:10     | Entered Level 10 of the Dungeon
  9520 | D:10     | Reached skill level 9 in Shields
  9769 | D:9      | Found a basalt altar of Yredelemnul.
  9878 | D:9      | Reached skill level 11 in Maces & Flails
 10057 | D:9      | Found a runed translucent door.
 10057 | D:9      | Noticed mora's ghost (journeyman DDFi)
 10057 | D:9      | Identified the +6 spear "Ogevoa" {venom, Int+2 Dex+2}
 10124 | D:9      | Noticed a centaur warrior
 10124 | D:9      | Reached * piety under the Shining One
 10134 | D:9      | Killed a centaur warrior
 10332 | D:1      | Bought an amulet of regeneration for 390 gold pieces
 10547 | D:8      | Noticed Erica
 10558 | D:7      | Killed Erica
 10559 | D:7      | Reached skill level 6 in Armour
 10631 | D:8      | Reached XP level 13. HP: 88/88 MP: 19/19
 10701 | D:8      | Found a blossoming altar of Fedhas.
 10803 | D:8      | Found a white marble altar of Elyvilon.
 10849 | D:8      | Identified the +10 glaive of Aciaruro {spect, rPois rC+++
                  | Dex+3}
 11004 | D:8      | Found a radiant altar of Vehumet.
 11654 | D:10     | Found a staircase to the Lair.
 11965 | D:10     | Reached skill level 12 in Maces & Flails
 11972 | D:10     | Found an ornate altar of the Wu Jian Council.
 11978 | D:10     | Found a snail-covered altar of Cheibriados.
 12133 | D:11     | Reached ** piety under the Shining One
 12146 | D:11     | Reached skill level 7 in Armour
 12182 | D:11     | Reached skill level 10 in Shields
 12289 | D:11     | Noticed Maurice
 12301 | D:11     | Noticed Maurice
 12301 | D:11     | Maurice changed into Maurice the steam dragon
 12311 | D:11     | Killed Maurice the steam dragon
 12833 | D:11     | Found a staircase to the Orcish Mines.
 13186 | D:12     | Found a gate leading to a gauntlet.
 13240 | Gauntlet | Entered a Gauntlet
 13240 | Gauntlet | Found a transporter.
 13240 | Gauntlet | Found a transporter.
 13246 | Gauntlet | Found a transporter.
 13258 | Gauntlet | Found a transporter.
 13272 | Gauntlet | Found a large runed translucent door.
 13273 | Gauntlet | Found a large runed translucent door.
 13274 | Gauntlet | Found a large runed translucent door.
 13274 | Gauntlet | Found a large runed translucent door.
 13274 | Gauntlet | Found a large runed translucent door.
 13274 | Gauntlet | Found a large runed translucent door.
 13274 | Gauntlet | Found a large runed translucent door.
 13274 | Gauntlet | Found a large runed translucent door.
 13275 | Gauntlet | Found a runed translucent door.
 13275 | Gauntlet | Found a runed translucent gate.
 13275 | Gauntlet | Reached *** piety under the Shining One
 13276 | Gauntlet | Found a runed translucent gate.
 13276 | Gauntlet | Found a transporter.
 13276 | Gauntlet | Found a transporter.
 13276 | Gauntlet | Found a transporter.
 13278 | Gauntlet | Found a transporter.
 13278 | Gauntlet | Found a transporter.
 13293 | Gauntlet | Found a transporter.
 13306 | Gauntlet | Found a runed translucent gate.
 13307 | Gauntlet | Found a transporter.
 13307 | Gauntlet | Found a runed translucent gate.
 13308 | Gauntlet | Found a runed translucent gate.
 13317 | Gauntlet | Found a transporter.
 13331 | Gauntlet | Found a transporter.
 13344 | Gauntlet | Found a large runed translucent door.
 13344 | Gauntlet | Found a large runed translucent door.
 13345 | Gauntlet | Found a large runed translucent door.
 13345 | Gauntlet | Found a large runed translucent door.
 13345 | Gauntlet | Found a large runed translucent door.
 13345 | Gauntlet | Found a large runed translucent door.
 13346 | Gauntlet | Found a runed translucent gate.
 13346 | Gauntlet | Found a large runed translucent door.
 13346 | Gauntlet | Found a runed translucent door.
 13346 | Gauntlet | Found a large runed translucent door.
 13351 | Gauntlet | Found a transporter.
 13445 | Gauntlet | Identified the ring "Sapoawoip" {MP+9 Int-5 Dex+3 SInv}
 13474 | Gauntlet | Reached skill level 14 in Fighting
 13529 | Gauntlet | Identified the +2 scale mail of Gopnealo {rElec rC+}
 13531 | Gauntlet | Identified the amulet of Loonojoig {RegenMP Rampage Int+4
                  | Dex+3}
 13549 | Gauntlet | Identified the ring "Meofonid" {*Corrode rF+ Int+6}
 13561 | Gauntlet | Reached skill level 8 in Armour
 13718 | Gauntlet | Identified the amulet "Zewi" {Reflect rC- Will+ Str+2 Dex+2
                  | SH+5}
 13718 | Gauntlet | Noticed a minotaur
 13791 | Gauntlet | Killed a minotaur
 13799 | Gauntlet | Identified the +10 plate armour of Submission {Regen+ Dex+2
                  | Stlth-}
 14042 | D:12     | Reached skill level 13 in Maces & Flails
 14306 | D:12     | You fall into a shaft and drop 3 floors!
 14306 | D:15     | Entered Level 15 of the Dungeon
 14341 | D:15     | Gained mutation: Your large and strong wings let you fly.
                  | [Gargoyle growth]
 14341 | D:15     | Reached XP level 14. HP: 84/96 MP: 17/20
 14606 | D:13     | Reached skill level 11 in Shields
 14619 | D:13     | Reached **** piety under the Shining One
 14716 | D:13     | Found a frozen archway.
 14744 | IceCv    | Entered an ice cave
 14818 | IceCv    | Reached skill level 9 in Armour
 15494 | IceCv    | Reached skill level 14 in Maces & Flails
 16579 | D:1      | Bought a ring of protection from cold for 325 gold pieces
 17332 | D:14     | Found a gate to the Vaults.
 17382 | D:14     | Reached skill level 10 in Armour
 17382 | D:14     | Reached XP level 15. HP: 101/101 MP: 7/21
 17387 | D:14     | Reached skill level 15 in Fighting
 17395 | D:14     | Reached skill level 12 in Shields
 17505 | D:14     | Noticed Agnes
 17515 | D:14     | Killed Agnes
 17624 | D:14     | Identified the +0 leather armour of Devotion {rC++ rN+
                  | Will+}
 18591 | D:15     | Found a staircase to the Depths.
 18744 | D:15     | Reached skill level 15 in Maces & Flails
 19188 | Depths:1 | Entered Level 1 of the Depths
 19188 | Depths:1 | Noticed Mara
 19240 | Depths:1 | Noticed EnegeticOcto's illusion
 19241 | Depths:1 | Killed Mara
 19249 | Depths:1 | Noticed a frost giant
 19267 | Depths:1 | Killed a frost giant
 19274 | Depths:1 | Reached skill level 11 in Armour
 19345 | Depths:1 | Found a gateway to a ziggurat.
 19406 | Depths:1 | Found a gateway to Hell.
 19414 | Hell     | Entered the Vestibule of Hell
 19518 | Hell     | Noticed a tentacled monstrosity
 19538 | Depths:1 | Killed a tentacled monstrosity
 19662 | Hell     | Noticed Geryon
 19663 | Hell     | Noticed a balrug
 19667 | Hell     | Reached XP level 16. HP: 87/109 MP: 2/23
 19677 | Depths:1 | Reached skill level 13 in Shields
 19776 | Hell     | Reached skill level 16 in Maces & Flails
 19783 | Depths:1 | Reached ***** piety under the Shining One
 19784 | Depths:1 | Reached skill level 10 in Invocations
 19873 | Hell     | Reached skill level 16 in Fighting
 19964 | Hell     | Reached skill level 11 in Invocations
 19966 | Hell     | Reached skill level 14 in Shields
 20240 | Hell     | Reached XP level 17. HP: 116/116 MP: 16/25
 20300 | Hell     | Reached skill level 17 in Fighting
 20310 | Hell     | Killed Geryon
 20311 | Hell     | Reached skill level 12 in Invocations
 20540 | Hell     | Found a gateway to the decaying netherworld of Tartarus.
 20602 | Hell     | Found a gateway to the Iron City of Dis.
 20607 | Dis:1    | Entered Level 1 of the Iron City of Dis
 20607 | Dis:1    | Found a gateway to Hell.
 20613 | Dis:1    | Reached skill level 15 in Shields
 20916 | Dis:1    | Reached skill level 13 in Invocations
 21238 | Dis:1    | Reached ****** piety under the Shining One
 21278 | Dis:1    | Gained mutation: You are agile. (Dex +2) [a cacodemon]
 21285 | Dis:1    | Reached skill level 18 in Fighting
 22590 | Dis:1    | Reached skill level 14 in Invocations
 22590 | Dis:1    | Reached XP level 18. HP: 120/126 MP: 28/28
 23001 | Dis:1    | Noticed a Brimstone Fiend
 23005 | Dis:1    | Killed a Brimstone Fiend
 23923 | Dis:1    | Reached skill level 19 in Fighting
 24200 | Dis:1    | Noticed a Tzitzimitl
 24201 | Dis:1    | Killed a Tzitzimitl
 24202 | Dis:1    | Reached skill level 15 in Invocations
 24480 | Dis:1    | Noticed a Brimstone Fiend
 24498 | Dis:1    | Killed a Brimstone Fiend
 25547 | Hell     | Identified a +2 sacred scourge of holy wrath (a +0 demon
                  | whip blessed by the Shining One)
 25547 | Hell     | Received a gift from the Shining One
 25607 | Dis:1    | Gained mutation: You sometimes lose the ability to read
                  | scrolls when taking damage. [a cacodemon]
 25655 | Dis:1    | Reached skill level 16 in Invocations
 25855 | Dis:1    | Reached XP level 19. HP: 128/134 MP: 31/31
 26237 | Dis:1    | Reached skill level 20 in Fighting
 27816 | Dis:1    | Noticed a Brimstone Fiend
 27826 | Dis:1    | Killed a Brimstone Fiend
 27988 | Dis:1    | Noticed an Ice Fiend
 27994 | Dis:1    | Killed an Ice Fiend
 28213 | Dis:1    | Noticed an Ice Fiend
 28224 | Dis:1    | Killed an Ice Fiend
 28266 | Dis:1    | Reached skill level 17 in Invocations
 28851 | Dis:1    | Noticed a Brimstone Fiend
 28858 | Dis:1    | Killed a Brimstone Fiend
 29397 | Dis:1    | Noticed a Brimstone Fiend
 29406 | Dis:1    | Killed a Brimstone Fiend
 29996 | Dis:1    | Reached skill level 21 in Fighting
 31249 | Dis:1    | Reached XP level 20. HP: 138/144 MP: 32/32
 31262 | Dis:1    | Reached skill level 18 in Invocations
 31262 | Dis:1    | Reached skill level 1 in Evocations
 31301 | Dis:1    | Reached skill level 1 in Dodging
 31680 | Dis:1    | Glimpsed the power of Zot.
 31686 | Dis:2    | Found a gateway to Hell.
 31768 | Dis:1    | Reached skill level 2 in Evocations
 31860 | Dis:1    | Reached skill level 2 in Dodging
 32683 | Dis:1    | Reached skill level 3 in Evocations
 33041 | Dis:1    | Reached skill level 3 in Dodging
 33940 | Dis:1    | Reached skill level 4 in Evocations
 34079 | Dis:1    | Noticed a Brimstone Fiend
 34088 | Dis:1    | Killed a Brimstone Fiend
 34397 | Dis:1    | Reached skill level 4 in Dodging
 34523 | Dis:1    | Noticed an iron giant
 34535 | Dis:1    | Killed an iron giant
 34545 | Dis:1    | Reached skill level 5 in Evocations
 35023 | Dis:1    | Noticed a Tzitzimitl
 35027 | Dis:1    | Killed a Tzitzimitl
 35583 | Dis:1    | Noticed a Tzitzimitl
 35603 | Dis:1    | Killed a Tzitzimitl
 35604 | Dis:1    | Reached skill level 5 in Dodging
 35754 | Dis:1    | Reached XP level 21. HP: 150/150 MP: 34/34
 35842 | Dis:1    | Lost mutation: You are agile. (Dex +2) [potion of mutation]
 35842 | Dis:1    | Lost mutation: You sometimes lose the ability to read
                  | scrolls when taking damage. [potion of mutation]
 35842 | Dis:1    | Gained mutation: You are dopey. (Int -2) [potion of
                  | mutation]
 35842 | Dis:1    | Gained mutation: You are agile. (Dex +2) [potion of
                  | mutation]
 35842 | Dis:1    | Gained mutation: You have a pair of small horns on your
                  | head. [potion of mutation]
 35850 | Dis:2    | Found a gateway to Hell.
 35956 | Dis:3    | Found a gateway to Hell.
 36054 | Dis:4    | Found a gateway to Hell.
 36054 | Dis:4    | Found a gateway to Hell.
 36075 | Dis:4    | Reached skill level 6 in Evocations
 36083 | Dis:5    | Found a gateway to Hell.
 36355 | Dis:5    | Reached skill level 22 in Fighting
 36388 | Dis:5    | Reached skill level 19 in Invocations
 36496 | Dis:6    | Found a gateway to Hell.
 36504 | Dis:7    | Entered Level 7 of the Iron City of Dis
 36504 | Dis:7    | Found a gateway to Hell.
 36504 | Dis:7    | Found a gateway to Hell.
 36504 | Dis:7    | Found a gateway to Hell.
 36605 | Dis:7    | Reached skill level 6 in Dodging
 36646 | Dis:7    | Reached skill level 7 in Evocations
 36745 | Dis:7    | Identified the +7 tower shield "Ugykhlan" {Will+ Dex+2}
 36767 | Dis:7    | Reached skill level 7 in Dodging
 36795 | Dis:7    | Reached skill level 8 in Evocations
 36812 | Dis:7    | Reached XP level 22. HP: 118/158 MP: 19/35
 36885 | Dis:7    | Found the +4 staff of Dispater
 36885 | Dis:7    | Noticed Dispater
 36907 | Dis:7    | Killed Dispater
 36919 | Dis:7    | Identified the ring of Xeruirph {Drain rPois rN+++ Int+6
                  | Slay+3}
 36924 | Dis:7    | Got an iron rune of Zot
 37109 | Tar:1    | Entered Level 1 of Tartarus
 37109 | Tar:1    | Found a gateway to Hell.
 37195 | Tar:1    | Reached skill level 8 in Dodging
 37209 | Tar:1    | Reached skill level 20 in Invocations
 37237 | Tar:1    | Reached skill level 23 in Fighting
 37652 | Tar:2    | Found a gateway to Hell.
 37675 | Tar:3    | Found a gateway to Hell.
 37690 | Tar:4    | Found a gateway to Hell.
 37763 | Tar:5    | Found a gateway to Hell.
 37890 | Tar:6    | Reached skill level 12 in Armour
 37901 | Tar:7    | Entered Level 7 of Tartarus
 38017 | Tar:7    | Noticed a dread lich
 38021 | Tar:7    | Reached XP level 23. HP: 165/165 MP: 26/37
 38030 | Tar:7    | Killed a dread lich
 38108 | Tar:7    | Noticed the Serpent of Hell
 38116 | Tar:7    | Killed the Serpent of Hell
 38164 | Tar:7    | Noticed a dread lich
 38170 | Tar:7    | Noticed Ereshkigal
 38171 | Tar:7    | Identified the +6 tower shield of the Sky {+Blink}
 38175 | Tar:7    | Reached skill level 13 in Armour
 38182 | Tar:7    | Killed a dread lich
 38182 | Tar:7    | Killed Ereshkigal
 38183 | Tar:7    | Reached skill level 21 in Invocations
 38228 | Tar:7    | Got a bone rune of Zot
 38252 | Tar:7    | Reached skill level 24 in Fighting
 38324 | Tar:7    | Found a gateway to Hell.
 38559 | Depths:2 | Identified a scroll of acquirement
 38559 | Depths:2 | Acquired the +1 pair of gloves "Teusott" {Str+2 Dex+3}
 38714 | Depths:2 | Reached skill level 14 in Armour
 39167 | D:1      | Bought the amulet of the Four Winds {rN+ Will+++ Clar} for
                  | 570 gold pieces
 39167 | D:1      | Found the amulet of the Four Winds {rN+ Will+++ Clar}
 39511 | Depths:1 | You are sucked into a shaft and drop 1 floor!
 39656 | Depths:2 | Noticed a golden dragon
 39673 | Depths:2 | Killed a golden dragon
 39674 | Depths:2 | Reached XP level 24. HP: 118/174 MP: 37/37
 39899 | Depths:2 | Found a one-way gate leading to the halls of Pandemonium.
 40259 | Depths:2 | Found Woumay's Jewellery Boutique.
 40810 | Depths:1 | Got Leihoisu's Disquisition on Weightlessness
 40909 | Depths:3 | Found Kaiwk's Assorted Antiques.
 41000 | Depths:3 | Reached skill level 15 in Armour
 41169 | Depths:2 | Bought the ring "Ucinlado" {Wiz rElec rF+ rC+ Int+3} for
                  | 1157 gold pieces
 41202 | Depths:3 | Reached skill level 22 in Invocations
 41262 | Depths:3 | Noticed a juggernaut
 41293 | Depths:3 | Killed a juggernaut
 41527 | Depths:3 | Reached skill level 25 in Fighting
 41626 | Depths:3 | Bought a scroll of magic mapping for 115 gold pieces
 41626 | Depths:3 | Bought a scroll of teleportation for 99 gold pieces
 41626 | Depths:3 | Bought a wand of paralysis (7) for 66 gold pieces
 41626 | Depths:3 | Bought a bronze wand for 132 gold pieces
 41819 | Depths:3 | Reached skill level 16 in Armour
 42113 | Depths:3 | Found a glowing silver altar of Zin.
 42237 | Depths:3 | Gained mutation: You possess an exceptional clarity of
                  | mind. [a neqoxec]
 42239 | Depths:3 | Identified the ring of Morchaloi {Fire +Blink Str+2}
 42286 | Depths:3 | Reached XP level 25. HP: 117/182 MP: 14/38
 42392 | Depths:3 | Found Numomir's Weapon Emporium.
 42975 | Depths:4 | Noticed an ancient lich
 42992 | Depths:4 | Killed an ancient lich
 43054 | Depths:4 | Identified the +0 ring mail of the Harp {Rampage rPois}
 43326 | Depths:4 | Found a one-way gate to the infinite horrors of the Abyss.
 43628 | Depths:4 | Voluntarily entered the Abyss.
 43735 | Abyss:1  | Reached skill level 17 in Armour
 43744 | Abyss:1  | Reached skill level 23 in Invocations
 43762 | Depths:4 | Escaped the Abyss
 43823 | Depths:3 | Gained mutation: You have sharp toenails. [mutagenic glow]
 43884 | Depths:3 | Gained mutation: Your magical capacity is low. (-10% MP)
                  | [mutagenic glow]
 43900 | Depths:3 | Gained mutation: You are frail. (-10% HP) [mutagenic glow]
 44188 | Depths:3 | Lost mutation: You are agile. (Dex +2) [mutagenic glow]
 44206 | Depths:3 | Gained mutation: Your body sometimes deteriorates upon
                  | taking damage. [mutagenic glow]
 44305 | Depths:3 | Gained mutation: Your body often deteriorates upon taking
                  | damage. [mutagenic glow]
 44483 | Depths:3 | Cast into level 4 of the Abyss (unwielding a weapon of
                  | distortion)
 44483 | Abyss:4  | Found a corrupted altar of Lugonu.
 44990 | Abyss:4  | Found a corrupted altar of Lugonu.
 45059 | Abyss:4  | Got an abyssal rune of Zot
 45099 | Depths:3 | Escaped the Abyss
 45142 | Depths:5 | Entered Level 5 of the Depths
 45325 | Depths:5 | Reached skill level 26 in Fighting
 45332 | Depths:5 | Found a gate to the Realm of Zot.
 45438 | Zot:1    | Entered Level 1 of the Realm of Zot
 45448 | Zot:1    | Reached XP level 26. HP: 171/171 MP: 34/34
 45474 | Zot:1    | Noticed an orb of fire
 45475 | Zot:1    | Reached skill level 18 in Armour
 45518 | Zot:1    | Killed an orb of fire
 45907 | Zot:1    | Noticed an orb of fire
 46463 | Zot:2    | Reached skill level 24 in Invocations
 46841 | Zot:3    | Noticed a Killer Klown
 46858 | Zot:3    | Killed a Killer Klown
 47194 | Zot:2    | Reached skill level 19 in Armour
 47396 | Zot:5    | Entered Level 5 of the Realm of Zot
 47962 | Zot:5    | Reached XP level 27. HP: 143/177 MP: 34/35
 48579 | Zot:5    | Noticed an ancient lich
 48584 | Zot:5    | Reached skill level 27 in Fighting
 48584 | Zot:5    | Killed an ancient lich
 48585 | Zot:5    | Noticed a dread lich
 48597 | Zot:5    | Killed a dread lich
 48621 | Zot:5    | Reached skill level 20 in Armour
 48672 | Zot:5    | Noticed a dread lich
 48680 | Zot:5    | Killed a dread lich
 48681 | Zot:5    | Reached skill level 25 in Invocations
 48870 | Zot:5    | Noticed an orb of fire
 48889 | Zot:5    | Lost mutation: You possess an exceptional clarity of mind.
                  | [an orb of fire]
 48897 | Zot:5    | Gained mutation: You tend to lose your temper in combat.
                  | [an orb of fire]
 48902 | Zot:5    | Killed an orb of fire
 48908 | Zot:5    | Lost mutation: You are frail. (-10% HP) [potion of
                  | mutation]
 48908 | Zot:5    | Lost mutation: You tend to lose your temper in combat.
                  | [potion of mutation]
 48908 | Zot:5    | Lost mutation: You are dopey. (Int -2) [potion of mutation]
 48908 | Zot:5    | Gained mutation: You have a somewhat thin skeletal
                  | structure. (Dex +2, Stealth+) [potion of mutation]
 48908 | Zot:5    | Gained mutation: Your flesh is heat resistant. (rF+)
                  | [potion of mutation]
 50376 | Zot:5    | Noticed an ancient lich
 50382 | Zot:5    | Killed an ancient lich
 50424 | Zot:5    | Reached skill level 21 in Armour
 51373 | Zot:5    | Got the Orb of Zot
 51578 | Depths:5 | Noticed Roesitad the pandemonium lord
 51597 | Depths:5 | Killed Roesitad the pandemonium lord
 51598 | Depths:5 | Reached skill level 26 in Invocations
 51600 | Depths:5 | Gained mutation: You are clumsy. (Dex -2) [a cacodemon]
 51609 | Depths:5 | Gained mutation: You tend to lose your temper in combat. [a
                  | neqoxec]
 51610 | Depths:5 | Gained mutation: You are frail. (-10% HP) [a neqoxec]
 51972 | D:$      | Escaped with the Orb!

Illustrated notes

Levels and vault maps discovered:
D:1:      matt_arrival_grand_opening, layout_loops_ring, serial_forest,
          infiniplex_forest_clump_curved, infiniplex_forest_clump_tiny,
          infiniplex_forest_clump_diagonal, infiniplex_forest_clump_large,
          infiniplex_forest_lined_2, infiniplex_forest_straight_3,
          infiniplex_forest_lined_room_3, infiniplex_forest_clump_small,
          infiniplex_forest_lined_1, serial_shops, nicolae_shop_statue_plus
D:2:      layout_rooms, uniq_robin
D:3:      kennysheep_big_flooded_room, layout_basic, grunt_ministairs_12,
          uniq_terence, uniq_grinder, uniq_jessica
D:4:      gammafunk_cloud_chamber, layout_cave_pools,
          mainiacjoe_overflow_cross_hatched
D:5:      layout_loops_ring
D:6:      layout_basic, doesnt_xom_only_xom, nicolae_qazlal_style_of_elements,
          st_stairs_8, grunt_tough_drop
D:7:      layout_cave_pools, mainiacjoe_overflow_24_doors,
          minmay_temple_entry_poolview
D:8:      layout_rooms, fiery_altar_vehumet,
          mainiacjoe_overflow_six_doors_small,
          nicolae_kikubaaqudgha_miasma_corner, amcnicky_altar_gilded, uniq_erica
D:9:      layout_roguey, mainiacjoe_overflow_paths, ebering_ghost_funeral_grove,
          hangedman_decor_clover_reticule
D:10:     layout_loops_ring, minitemple, dpeg_lair_monsters
D:11:     layout_basic, orc_0_dummy, enter_bailey_3, uniq_maurice
D:12:     layout_basic, gauntlet_entry_generic
D:13:     layout_rooms, portal_ice_cave_entry_imps
D:14:     layout_basic, erik_vaults_2, hangedman_decor_peaks_small, uniq_agnes
D:15:     grunt_enter_depths_hoard, layout_irregular_city, chequers_garden
Temple:   minmay_temple_curvy_loop
Depths:1: layout_basic, enter_ziggurat_b, kennysheep_nub,
          pf_hell_entry_tar_spiral, hangedman_research_electronics, uniq_mara
Depths:2: kennysheep_green_arena, layout_basic, serial_aquarium,
          aquarium_bridge_straight [aquarium_subvault_bridge,
          aquarium_subvault_wall, aquarium_subvault_bridge,
          aquarium_subvault_window], aquarium_bridge_square
          [aquarium_subvault_balcony, aquarium_subvault_bridge,
          aquarium_subvault_bridge, aquarium_subvault_wall],
          aquarium_window_corridor_1, aquarium_window_fake,
          aquarium_window_fake, aquarium_view_2c, aquarium_pool_2,
          rand_demon_pan_entry_7, hangedman_geh_valley, serial_shops,
          nicolae_shop_stone, interstate_on_off
Depths:3: minmay_the_grid_square_5x5_5x5
          [minmay_the_grid_square_5x5_three_walls,
          minmay_the_grid_square_5x5_longway,
          minmay_the_grid_square_5x5_two_walls_b,
          minmay_the_grid_square_5x5_minibox,
          minmay_the_grid_square_5x5_hollow_slash,
          minmay_the_grid_square_5x5_corner,
          minmay_the_grid_square_5x5_prize_monsterx,
          minmay_the_grid_square_5x5_moneybag,
          minmay_the_grid_square_5x5_prize_gold,
          minmay_the_grid_square_5x5_comb, minmay_the_grid_square_5x5_trominoes,
          minmay_the_grid_square_5x5_checkered_sparse,
          minmay_the_grid_square_5x5_prize_rear_guard,
          minmay_the_grid_square_5x5_forky, minmay_the_grid_square_5x5_shrine2,
          minmay_the_grid_square_5x5_hourglass,
          minmay_the_grid_square_5x5_prize_snowflake,
          minmay_the_grid_square_5x5_dogpile,
          minmay_the_grid_square_5x5_prize_itemx,
          minmay_the_grid_square_5x5_beaten_path,
          minmay_the_grid_square_5x5_two_small,
          minmay_the_grid_square_5x5_pentomino_r,
          minmay_the_grid_square_5x5_gyroscope,
          minmay_the_grid_square_5x5_inner_v,
          minmay_the_grid_square_5x5_spiral_small], layout_gridlike,
          dk_noncrumbling_4, serial_shops, nicolae_take_the_stairs,
          nicolae_inconvenience_store, hell_entry, rand_demon_pan_entry_3,
          zin_academy, minmay_staircase_statues
Depths:4: cross_vault, layout_cave_shapes, abyss_entry_small_statue_room,
          hell_entry, hangedman_decor_push
Depths:5: grunt_zot_entry_bicorn, layout_small_grid, hell_entry,
          kennysheep_pointless_box, rand_demon_pan_entry_4, st_stairs_12,
          onia_ninara_cookie
Hell
Dis:1:    layout_chaotic_city, evilmike_ambush [evilmike_ambush_outer_corners,
          evilmike_ambush_inner_basic]
Dis:2:    layout_jigsaw
Dis:3:    lemuel_dis_dragons, layout_chaotic_city,
          hangedman_dis_decor_blocks_talon
Dis:4:    layout_regular_city
Dis:5:    layout_regular_city
Dis:6:    layout_jigsaw
Dis:7:    dis_hangedman
Tar:1:    layout_catacombs, lemuel_nasty_fountain
Tar:2:    layout_cathedral_of_symmetry
Tar:3:    layout_catacombs
Tar:4:    layout_grid_maze
Tar:5:    layout_honeycomb, nicolae_tar_cuneiform_two
Tar:6:    layout_grid_maze
Tar:7:    tar_old
Zot:1:    layout_cellular_growth, hangedman_zot_wheel_spokes, nrook_zot_tub,
          grunt_megastairs_3
Zot:2:    kennysheep_ambush_hall, layout_gridlike, bh_zot_ikea_curve
Zot:3:    layout_misc_corridors
Zot:4:    kennysheep_blocky_hall, layout_cathedral_of_symmetry
Zot:5:    layout_basic, hangedman_zot_diagonal_lockstep

Skill      XL: |  1  2  3  4  5  6  7  8  9 10 11 12 13 14 15 16 17 18 19 20 21 22 23 24 25 26 27 |
---------------+----------------------------------------------------------------------------------+-----
Maces & Flails | 3 5 6 8 9 10 11 13 14 15 16 | 16.0
Fighting       | 4 5 6 8 13 14 15 16 18 19 21 22 23 24 25 26 27 | 27.0
Shields        | 4 5 6 8 9 10 11 12 14 15 | 15.0
Armour         | 4 5 6 8 10 11 12 14 16 17 19 21 | 21.5
Invocations    | 9 11 14 16 17 18 19 20 21 22 23 24 26 | 26.0
Evocations     | 5 8 |  8.0
Dodging        | 5 7 8 |  8.0

Action                   |  1- 3 |  4- 6 |  7- 9 | 10-12 | 13-15 | 16-18 | 19-21 | 22-24 | 25-27 || total
-------------------------+-------+-------+-------+-------+-------+-------+-------+-------+-------++-------
Melee: Flail             |   144 |   172 |   398 |   256 |  1195 |       |       |       |       ||  2165
       Unarmed           |       |       |    19 |       |       |       |       |       |       ||    19
       Morningstar       |       |       |       |       |   273 |   915 |       |       |       ||  1188
       Sacred scourge    |       |       |       |       |       |    27 |  1473 |  1267 |  1643 ||  4410
       Headbutt          |       |       |       |       |       |       |    94 |   452 |   536 ||  1082
Throw: Boomerang         |       |       |       |    11 |    72 |       |       |       |       ||    83
       Dart              |       |       |       |       |     2 |       |       |       |       ||     2
       Javelin           |       |       |       |       |     8 |       |       |       |       ||     8
 Cast: Mephitic Cloud    |       |       |       |     1 |       |       |       |       |       ||     1
Invok: Divine Shield     |       |       |       |       |     7 |     5 |     5 |     6 |     9 ||    32
       Cleansing Flame   |       |       |       |       |    15 |    55 |    23 |    36 |    42 ||   171
       Summon Divine War |       |       |       |       |       |     1 |     9 |    10 |     9 ||    29
       Brand Weapon With |       |       |       |       |       |     1 |       |       |       ||     1
Evoke: Wand              |       |       |     9 |     1 |    14 |     6 |       |     1 |    19 ||    50
       Tin of tremorston |       |       |       |     2 |     2 |       |       |     4 |     6 ||    14
       Phantom mirror    |       |       |       |       |       |       |       |     1 |       ||     1
  Use: Potion            |       |     3 |     2 |     2 |     1 |     2 |     2 |     6 |    12 ||    30
       Scroll            |       |     2 |     6 |     7 |    11 |     4 |       |     6 |     4 ||    40
Armor: Scale mail        |    89 |    57 |       |       |       |       |       |       |       ||   146
       Crystal plate arm |       |    77 |   455 |   195 |   405 |       |       |       |       ||  1132
       Skin              |       |       |    35 |       |     7 |       |       |       |       ||    42
       Plate armour      |       |       |       |       |   600 |   750 |   588 |   555 |   756 ||  3249
Dodge: Dodged            |    53 |    38 |    36 |    31 |   226 |   239 |   195 |   300 |   400 ||  1518
       Repelled          |       |       |       |       |     4 |     3 |     2 |     8 |    11 ||    28
Block: Kite shield       |    83 |   112 |   301 |   187 |   961 |   860 |   758 |   866 |  1130 ||  5258
       Buckler           |       |       |       |       |    17 |       |       |       |       ||    17
